[Event "Titled Tuesday Blitz October 25 Late 2022"]
[White "Lawson, Eric"]
[Black "Jimenez Fernandez, Rebeca"]
[WhiteFideId "2604116"]
[BlackFideId "32070934"]
[WhiteElo "2545"]
[BlackElo "1946"]
[Result "1-0"]
[Round "03"]
[TimeControl "180+1"]
[Date "2022.10.26"]
[WhiteClock "0:00:50"]
[BlackClock "0:00:04"]

1. d4 d5 2. Bg5 h6 3. Bf4 Nf6 4. c3 e6 5. h3 Bd6 6. e3 c5 7. Nf3 Bxf4 8. exf4 cxd4 9. cxd4 O-O 10. Nc3 Nc6 11. Ne5 Qb6 12. Nxc6 bxc6 13. Qd2 c5 14. Na4 Qd6 15. Nxc5 Rb8 16. Bd3 Rd8 17. O-O-O Qb6 18. Kb1 a5 19. g4 Bd7 20. g5 hxg5 21. fxg5 Ne4 22. Bxe4 dxe4 23. g6 f6 24. Ka1 a4 25. a3 Bc6 26. Qc3 Bd5 27. Rd2 Qb5 28. h4 Rdc8 29. Rc1 Rc7 30. h5 Rbc8 31. Qh3 e5 32. h6 exd4 33. hxg7 Rxg7 34. Qxc8+ 1-0


[Site "https://www.chess.com"]

[Event "Titled Tuesday Blitz October 25 Late 2022"]
[White "Leenhouts, Koen"]
[Black "Harvey, Marcus R"]
[WhiteFideId "1008439"]
[BlackFideId "400092"]
[WhiteElo "2409"]
[BlackElo "2457"]
[Result "1-0"]
[Round "03"]
[TimeControl "180+1"]
[Date "2022.10.26"]
[WhiteClock "0:00:03"]
[BlackClock "0:00:03"]

1. d4 Nf6 2. c4 b6 3. d5 e6 4. a3 c6 5. Nc3 cxd5 6. cxd5 Bb7 7. e4 exd5 8. e5 Ne4 9. Nf3 Bc5 10. Nxe4 dxe4 11. Nd4 Nc6 12. Nxc6 Bxc6 13. b4 Be7 14. Bc4 b5 15. Bd5 O-O 16. O-O a5 17. bxa5 Rxa5 18. Bb2 Qa8 19. Bxc6 Qxc6 20. Re1 Rfa8 21. Qg4 Bxa3 22. Rxa3 Rxa3 23. e6 Rc3 24. exf7+ Kxf7 25. Qf5+ Qf6 26. Qd5+ Qe6 27. Qxa8 Rc2 28. Bd4 b4 29. Qh8 Qg6 30. h4 b3 31. Qd8 Qe6 32. Qh8 Qg6 33. Qd8 Qe6 34. Qb8 Qd5 35. Qf4+ Kg8 36. Qb8+ Kf7 37. Qf4+ Kg8 38. Rxe4 h6 39. Qg4 Rc1+ 40. Kh2 Qd6+ 41. g3 Qf8 42. Re8 1-0


[Site "https://www.chess.com"]

[Event "Titled Tuesday Blitz October 25 Late 2022"]
[White "Li, Ben"]
[Black "Kisic, Bozidar"]
[WhiteFideId "2089980"]
[BlackFideId "16500350"]
[WhiteElo "2267"]
[BlackElo "2233"]
[Result "1-0"]
[Round "03"]
[TimeControl "180+1"]
[Date "2022.10.26"]
[WhiteClock "0:01:03"]
[BlackClock "0:00:29"]

1. d4 d5 2. Nf3 e6 3. c4 dxc4 4. Nc3 a6 5. Bg5 Be7 6. Bxe7 Qxe7 7. e3 b5 8. a4 Bb7 9. axb5 axb5 10. Rxa8 Bxa8 11. Nxb5 Qb4+ 12. Nc3 Qxb2 13. Qa4+ Bc6 14. Qxc4 Nf6 15. Be2 Qc1+ 16. Nd1 Qxc4 17. Bxc4 Bd5 18. Bxd5 Nxd5 19. Nb2 Nd7 20. Nd3 Ke7 21. Kd2 Ra8 22. Rc1 Ra2+ 23. Ke1 Ra7 24. Nfe5 Nxe5 25. Nxe5 Nb4 26. Rb1 f6 27. Rxb4 fxe5 28. dxe5 Ra5 29. f4 Ra2 30. g4 Rxh2 31. f5 exf5 32. gxf5 Rh5 33. Rf4 g6 34. f6+ Kf7 35. e6+ 1-0


[Site "https://www.chess.com"]

[Event "Titled Tuesday Blitz October 25 Late 2022"]
[White "Liu, Kelsey"]
[Black "Tan, Ralph"]
[WhiteFideId "30944481"]
[BlackFideId "30966590"]
[WhiteElo "2266"]
[BlackElo "2059"]
[Result "1-0"]
[Round "03"]
[TimeControl "180+1"]
[Date "2022.10.26"]
[WhiteClock "0:01:55"]
[BlackClock "0:01:09"]

1. e4 e6 2. d4 d5 3. Nc3 Nf6 4. Bg5 Be7 5. e5 Nfd7 6. h4 h6 7. Bxe7 Qxe7 8. Qg4 O-O 9. Bd3 c5 10. Nge2 cxd4 11. Qxd4 Nc6 12. Qf4 Ndxe5 13. O-O-O Bd7 14. g4 Rac8 15. g5 h5 16. Ng3 Nxd3+ 17. Rxd3 g6 18. Re1 Qb4 19. Qf6 Qxh4 20. Rdd1 d4 21. Rh1 Qg4 22. Nxh5 gxh5 23. Rdg1 Qf5 24. Rxh5 1-0


[Site "https://www.chess.com"]

[Event "Titled Tuesday Blitz October 25 Late 2022"]
[White "Ljukin, Sergei"]
[Black "Floresvillar Gonzalez, Luis Migu"]
[WhiteFideId "14102200"]
[BlackFideId "5100542"]
[WhiteElo "2312"]
[BlackElo "2040"]
[Result "1-0"]
[Round "03"]
[TimeControl "180+1"]
[Date "2022.10.26"]
[WhiteClock "0:00:35"]
[BlackClock "0:00:01"]

1. e4 e6 2. d4 d5 3. Nc3 Nf6 4. Bg5 Be7 5. e5 Nfd7 6. h4 a6 7. Qg4 g6 8. f4 h6 9. Bxe7 Qxe7 10. h5 gxh5 11. Rxh5 c5 12. dxc5 Nc6 13. O-O-O Qxc5 14. Nf3 b5 15. Kb1 Bb7 16. Qg7 Qf8 17. Qxf8+ Nxf8 18. Bd3 Ng6 19. g3 O-O-O 20. Rdh1 Nb4 21. Rxh6 Rxh6 22. Rxh6 Nxd3 23. cxd3 d4 24. Ne4 Bxe4 25. dxe4 d3 26. Kc1 Ne7 27. Rh7 Nc6 28. Rxf7 Nb4 29. a3 d2+ 30. Nxd2 Nd3+ 31. Kd1 Nxb2+ 32. Kc2 Nc4 33. Nxc4 bxc4 34. Re7 Rg8 35. Rxe6 Rxg3 36. Rxa6 Rf3 37. f5 Rf4 38. e6 Rxe4 39. f6 Re3 40. f7 1-0


[Site "https://www.chess.com"]

[Event "Titled Tuesday Blitz October 25 Late 2022"]
[White "Lorenzo De La Riva, Lazaro"]
[Black "Gardezi, Arsal"]
[WhiteFideId "2268809"]
[BlackFideId "30949521"]
[WhiteElo "2325"]
[BlackElo "1906"]
[Result "1-0"]
[Round "03"]
[TimeControl "180+1"]
[Date "2022.10.26"]
[WhiteClock "0:01:19"]
[BlackClock "0:00:27"]

1. e4 e5 2. f4 exf4 3. Nf3 d5 4. exd5 Qxd5 5. d4 Nf6 6. c4 Qe4+ 7. Be2 Bb4+ 8. Nc3 O-O 9. O-O Bxc3 10. bxc3 Re8 11. Bd3 Qc6 12. Bxf4 Bg4 13. Qc2 Nbd7 14. Ne5 Nxe5 15. Bxe5 Nd7 16. Bxh7+ Kh8 17. Bg3 Qxc4 18. Bd3 Qe6 19. Rae1 Qd5 20. Rxe8+ Rxe8 21. Qf2 Nf6 22. Be5 Rxe5 23. dxe5 Qxe5 24. Qd4 Qxd4+ 25. cxd4 Nd5 26. Rxf7 Be6 27. Rf8+ Bg8 28. Bf5 g6 29. Be6 Ne7 30. Re8 1-0


[Site "https://www.chess.com"]

[Event "Titled Tuesday Blitz October 25 Late 2022"]
[White "Lymar, Vladislav"]
[Black "Itkis, Boris"]
[WhiteFideId "14162180"]
[BlackFideId "1209167"]
[WhiteElo "2094"]
[BlackElo "2232"]
[Result "1-0"]
[Round "03"]
[TimeControl "180+1"]
[Date "2022.10.26"]
[WhiteClock "0:00:05"]
[BlackClock "0:00:04"]

1. e4 e5 2. Nf3 Nc6 3. Nc3 Nf6 4. a3 d5 5. Bb5 Nxe4 6. Qe2 Nxc3 7. Qxe5+ Qe7 8. dxc3 Bd7 9. Bxc6 Bxc6 10. Bf4 Qxe5+ 11. Nxe5 Bd6 12. O-O-O f6 13. Nd3 Kd7 14. Bxd6 Kxd6 15. Nf4 b5 16. Rd4 g5 17. Nh5 Rhf8 18. h4 Kc5 19. f3 Bd7 20. Ng3 Rf7 21. Ne2 Re8 22. Kd2 Rfe7 23. Nc1 c6 24. a4 a6 25. hxg5 fxg5 26. f4 g4 27. Nd3+ Kd6 28. Ne5 Bf5 29. Rh6+ Re6 30. Rxe6+ Rxe6 31. axb5 axb5 32. Ke3 Bxc2 33. Kf2 Bf5 34. Rd1 c5 35. Ra1 Ke7 36. Ra7+ Ke8 37. Nf7 Bg6 38. Nh6 Re4 39. g3 d4 40. Nxg4 Kd8 41. Ne5 dxc3 42. bxc3 b4 43. c4 Rd4 44. Kf3 Rd2 45. g4 b3 46. Rb7 b2 47. f5 Be8 48. Ke3 Rd4 49. Rxb2 Ke7 50. Rb6 Rd1 51. f6+ Kf8 52. Kf4 Rf1+ 53. Kg5 Re1 54. Kf5 Rf1+ 55. Ke6 Re1 56. Rb8 h6 57. f7 Rxe5+ 58. Kxe5 Kxf7 59. Kd6 Kf8 60. Kxc5 Ke7 61. Rb7+ Bd7 62. Kd5 Kd8 63. Rb6 Bxg4 64. Rxh6 Bf3+ 65. Kd6 Be2 66. Rh8# 1-0


[Site "https://www.chess.com"]

[Event "Titled Tuesday Blitz October 25 Late 2022"]
[White "Makaraci, Tunahan"]
[Black "Grot, Blazej"]
[WhiteFideId "6356559"]
[BlackFideId "21835845"]
[WhiteElo "2175"]
[BlackElo "1739"]
[Result "1-0"]
[Round "03"]
[TimeControl "180+1"]
[Date "2022.10.26"]
[WhiteClock "0:00:34"]
[BlackClock "0:00:03"]

1. e4 e5 2. Nc3 Nc6 3. f4 exf4 4. Nf3 Bb4 5. d4 Bxc3+ 6. bxc3 d5 7. exd5 Qxd5 8. Bxf4 Bg4 9. Be2 Nf6 10. O-O O-O 11. h3 Bh5 12. c4 Qf5 13. Nh4 Bxe2 14. Nxf5 Bxd1 15. Raxd1 Rfe8 16. d5 Ne5 17. d6 cxd6 18. Nxd6 Re7 19. Rfe1 Ng6 20. Rxe7 Nxe7 21. Nxb7 Rc8 22. c5 h6 23. Rd8+ Rxd8 24. Nxd8 Nfd5 25. Bd6 Nc8 26. Nc6 f6 27. a4 Kf7 28. Nd8+ Ke8 29. Ne6 Kf7 30. Nf4 Nxf4 31. Bxf4 Ke6 32. c4 Kd7 33. Kf2 Kc6 34. Be3 Ne7 35. Kf3 Nf5 36. Bf2 g5 37. g4 Ng7 38. Bd4 Ne6 39. Bxf6 Kxc5 40. Ke4 Kxc4 41. Kf5 Nf4 42. h4 Nh3 43. hxg5 hxg5 44. Bxg5 Kb4 45. Be3 1-0


[Site "https://www.chess.com"]

[Event "Titled Tuesday Blitz October 25 Late 2022"]
[White "Makarian, Rudik"]
[Black "Firouzja, Alireza"]
[WhiteFideId "44105681"]
[BlackFideId "12573981"]
[WhiteElo "2405"]
[BlackElo "2903"]
[Result "1-0"]
[Round "03"]
[TimeControl "180+1"]
[Date "2022.10.26"]
[WhiteClock "0:00:09"]
[BlackClock "0:00:10"]

1. Nf3 d5 2. c4 e6 3. g3 Nf6 4. Bg2 Be7 5. O-O O-O 6. b3 b6 7. Bb2 Bb7 8. Ne5 c5 9. e3 Qc8 10. f4 Rd8 11. Qe2 Nc6 12. d3 d4 13. Nxc6 Bxc6 14. Bxc6 Qxc6 15. e4 b5 16. cxb5 Qxb5 17. Na3 Qa6 18. Nc4 Rab8 19. f5 Nd7 20. Bc1 Re8 21. Bf4 Rbc8 22. g4 Bf8 23. Qg2 f6 24. h4 Nb6 25. Rac1 e5 26. Bg3 Nxc4 27. Rxc4 Bd6 28. g5 Kf7 29. Be1 Rg8 30. Kh1 Ke7 31. h5 Kd7 32. Bh4 Be7 33. Rfc1 g6 34. fxg6 fxg5 35. Bxg5 hxg6 36. Bxe7 gxh5 37. Qh3+ Kxe7 38. Rxc5 Rxc5 39. Rxc5 Qe6 40. Rc7+ Kf6 41. Qxh5 Rg6 42. Qh4+ Rg5 43. Qh6+ Rg6 44. Qh4+ Rg5 45. Qh8+ Kg6 46. Rg7+ Kf6 47. Qf8+ 1-0


[Site "https://www.chess.com"]

[Event "Titled Tuesday Blitz October 25 Late 2022"]
[White "Maranhao,Jose Renato Ruiz"]
[Black "Rosenberg, Evan S"]
[WhiteFideId "2135175"]
[BlackFideId "2019299"]
[WhiteElo "1970"]
[BlackElo "2368"]
[Result "0-1"]
[Round "03"]
[TimeControl "180+1"]
[Date "2022.10.26"]
[WhiteClock "0:00:02"]
[BlackClock "0:00:05"]

1. g3 e5 2. Bg2 d5 3. b3 Nf6 4. Bb2 Nc6 5. d3 Bd6 6. Nd2 h5 7. h4 Be6 8. Ngf3 e4 9. dxe4 dxe4 10. Bxf6 gxf6 11. Nxe4 f5 12. Nxd6+ cxd6 13. Qd2 Qf6 14. O-O O-O-O 15. c3 Rhg8 16. Nd4 Nxd4 17. Qxd4 Qxd4 18. cxd4 f4 19. Rac1+ Kb8 20. Rc3 fxg3 21. fxg3 Rg4 22. d5 Bd7 23. Rxf7 Bb5 24. Bh3 Re4 25. Rcc7 Ba6 26. Rce7 Rxe2 27. Bf1 Rxa2 28. Bxa6 Rxa6 29. Rxb7+ Ka8 30. Kf1 Rg8 31. Kf2 Ra5 32. b4 Ra3 33. b5 Ra2+ 34. Kf3 Ra3+ 35. Kf4 Rgxg3 36. Rxa7+ Rxa7 37. Rf8+ Kb7 38. Kxg3 Kb6 39. Rb8+ Kc5 40. b6 Rg7+ 41. Kf4 Kxd5 42. b7 Kc6 43. Rg8 Rxb7 44. Kg5 Rb5+ 45. Kh6 Rf5 46. Rg5 Rf8 47. Kxh5 d5 48. Kg4 d4 49. Rg7 Kc5 50. Rd7 Kc4 51. h5 d3 52. h6 Kc3 53. h7 d2 54. Rc7+ Kd3 55. Rd7+ Ke2 56. Re7+ Kf2 0-1


[Site "https://www.chess.com"]

[Event "Titled Tuesday Blitz October 25 Late 2022"]
[White "Marin Masis, Jose Esteban"]
[Black "Forgacs, Attila Jr."]
[WhiteFideId "6508146"]
[BlackFideId "773654"]
[WhiteElo "1838"]
[BlackElo "2168"]
[Result "0-1"]
[Round "03"]
[TimeControl "180+1"]
[Date "2022.10.26"]
[WhiteClock "0:00:09"]
[BlackClock "0:00:13"]

1. e4 e5 2. Nf3 Nc6 3. d4 exd4 4. Bc4 Nf6 5. O-O Nxe4 6. Re1 d5 7. Bxd5 Qxd5 8. Nc3 Qd7 9. Nxe4 Be7 10. Bg5 O-O 11. Bxe7 Qxe7 12. Nxd4 Bd7 13. Nc3 Qf6 14. Ndb5 Rad8 15. Nxc7 Bf5 16. N7d5 Qg6 17. Rc1 Be6 18. Qf3 Qg5 19. Qf4 Qh5 20. Rcd1 Bxd5 21. g4 Qg6 22. Rxd5 Rxd5 23. Nxd5 h5 24. Qc7 Qxg4+ 25. Kh1 Qf3+ 0-1


[Site "https://www.chess.com"]

[Event "Titled Tuesday Blitz October 25 Late 2022"]
[White "Matinian, Nikita"]
[Black "Naroditsky, Daniel"]
[WhiteFideId "24129100"]
[BlackFideId "2026961"]
[WhiteElo "2422"]
[BlackElo "2628"]
[Result "0-1"]
[Round "03"]
[TimeControl "180+1"]
[Date "2022.10.26"]
[WhiteClock "0:00:45"]
[BlackClock "0:00:46"]

1. e4 c6 2. d4 d5 3. e5 c5 4. Nf3 cxd4 5. Qxd4 Nc6 6. Qf4 g6 7. Bd3 Bh6 8. Ng5 f6 9. exf6 exf6 10. h4 Qe7+ 11. Kd1 fxg5 12. hxg5 Bg7 13. Nc3 Be6 14. Re1 O-O-O 15. Nb5 Rd7 16. Be3 a6 17. a4 Be5 18. Na7+ Nxa7 19. Qh4 Nc6 20. f3 h6 21. gxh6 Qxh4 0-1


[Site "https://www.chess.com"]

[Event "Titled Tuesday Blitz October 25 Late 2022"]
[White "Mazurkiewicz, Michal"]
[Black "Goroshkov, Maksym"]
[WhiteFideId "1124943"]
[BlackFideId "14142716"]
[WhiteElo "2063"]
[BlackElo "2257"]
[Result "0-1"]
[Round "03"]
[TimeControl "180+1"]
[Date "2022.10.26"]
[WhiteClock "0:00:03"]
[BlackClock "0:01:23"]

1. e4 e5 2. Nf3 d6 3. g3 Nf6 4. d3 Be7 5. Bg2 O-O 6. O-O c5 7. c3 Nc6 8. Nbd2 Bg4 9. h3 Bh5 10. g4 Bg6 11. Nh4 Re8 12. Nc4 d5 13. exd5 Nxd5 14. Nxg6 hxg6 15. Qb3 Nb6 16. Nxb6 axb6 17. Bd5 Rf8 18. Be4 Na5 19. Qd5 Qc7 20. a3 Rad8 21. Qa2 c4 22. dxc4 Nxc4 23. Be3 Nxe3 24. fxe3 Bg5 25. Rae1 Qc5 26. Rf3 Rd6 27. Ref1 Bxe3+ 28. Kh1 Bf4 29. b4 Qc8 30. Qg2 Rd2 31. R3f2 Rfd8 32. Bxb7 Qxc3 33. Be4 Rxf2 34. Rxf2 Rd1+ 35. Rf1 Rd2 36. Rf2 Rxf2 37. Qxf2 Qxh3+ 38. Kg1 Be3 0-1


[Site "https://www.chess.com"]

[Event "Titled Tuesday Blitz October 25 Late 2022"]
[White "Mekhane, Adam"]
[Black "Djordjevic, Vuk"]
[WhiteFideId "36050601"]
[BlackFideId "902098"]
[WhiteElo "2175"]
[BlackElo "2456"]
[Result "0-1"]
[Round "03"]
[TimeControl "180+1"]
[Date "2022.10.26"]
[WhiteClock "0:00:05"]
[BlackClock "0:00:05"]

1. e4 d5 2. exd5 Qxd5 3. Nc3 Qd6 4. Nf3 Nf6 5. d4 c6 6. Be2 Bg4 7. O-O e6 8. h3 Bxf3 9. Bxf3 Nbd7 10. g3 Qc7 11. Kg2 Bd6 12. Ne2 O-O 13. c4 e5 14. Nc3 exd4 15. Qxd4 Ne5 16. Bf4 Rad8 17. Bxe5 Bxe5 18. Qxa7 Bxc3 19. bxc3 Ra8 20. Qc5 Nd7 21. Qd4 Ne5 22. Rfe1 Nxf3 23. Kxf3 Rfd8 24. Qe3 h6 25. Kg2 Ra4 26. c5 Qa5 27. Rad1 Rf8 28. Rd7 Rc4 29. Rb1 Rxc3 30. Qf4 Rxc5 31. Rbxb7 Qxa2 32. Ra7 Qe6 33. Rd6 Qc8 34. Rdd7 Qe8 35. Re7 Qd8 36. Rad7 Qb8 37. Rxf7 Rg5 38. Qc4 Rxf7 39. Qxf7+ Kh8 40. Re7 Qd6 41. Re8+ Kh7 42. Qg8+ Kg6 43. Re6+ Qxe6 44. Qxe6+ Kh7 45. Qxc6 Kh8 46. Qe8+ Kh7 47. h4 Ra5 48. h5 Ra6 49. Qe4+ Kh8 50. Qe8+ Kh7 51. g4 Ra5 52. f3 Ra2+ 53. Kg3 Ra1 54. Qe4+ Kh8 55. Qg6 Ra8 56. f4 Ra3+ 57. Kh4 Ra1 58. g5 hxg5+ 59. fxg5 Rh1+ 60. Kg4 Rg1+ 61. Kf5 Rf1+ 62. Ke6 Re1+ 63. Kd5 Rd1+ 64. Ke4 Re1+ 65. Kd3 Rd1+ 66. Ke2 Rd8 67. h6 Rg8 68. h7 Rf8 69. Qh5 Rd8 70. Qf7 Rc8 71. Kf3 Rd8 72. Ke4 Rc8 73. Ke5 Rb8 74. Ke6 Rb6+ 75. Ke7 Rb7+ 76. Kf8 Rb8+ 77. Ke7 Rb7+ 78. Ke6 Rxf7 79. Kxf7 Kxh7 80. Ke6 Kg6 81. Ke5 Kxg5 82. Ke4 Kh4 83. Kf3 g5 84. Kf2 Kh3 0-1


[Site "https://www.chess.com"]

[Event "Titled Tuesday Blitz October 25 Late 2022"]
[White "Melikhov, Evgeny V."]
[Black "Schuster, Karsten"]
[WhiteFideId "4122046"]
[BlackFideId "4611071"]
[WhiteElo "2169"]
[BlackElo "2294"]
[Result "1-0"]
[Round "03"]
[TimeControl "180+1"]
[Date "2022.10.26"]
[WhiteClock "0:00:03"]
[BlackClock "0:00:17"]

1. d4 d5 2. c4 c6 3. Nc3 Nf6 4. e3 a6 5. c5 Bg4 6. Be2 Bxe2 7. Qxe2 e6 8. f4 Nbd7 9. Nf3 b6 10. cxb6 Nxb6 11. O-O Be7 12. b3 O-O 13. Ne5 Qc7 14. Bd2 Bb4 15. Rac1 Qb7 16. Nb1 Bxd2 17. Nxd2 Rac8 18. Rc2 Nbd7 19. Rfc1 Nxe5 20. fxe5 Nd7 21. Nf3 Rc7 22. Ne1 c5 23. Nd3 Rfc8 24. Nxc5 Nxc5 25. Rxc5 Rxc5 26. Rxc5 Rxc5 27. dxc5 h6 28. Qc2 Qc7 29. b4 Qxe5 30. Qc1 d4 31. exd4 Qxd4+ 32. Kh1 Qxb4 33. c6 Qb8 34. c7 Qc8 35. Qc5 Kh7 36. h3 f6 37. Qd6 e5 38. Qd8 Qf5 39. c8=Q Qf1+ 40. Kh2 Qf4+ 41. Kg1 Qe3+ 42. Kf1 Qf4+ 43. Ke2 Qe4+ 44. Kd1 Qb1+ 45. Qc1 Qf5 46. Qc2 e4 47. Qe2 Qe5 48. Ke1 f5 49. Kf1 Qa1+ 50. Qe1 Qe5 51. Kg1 Qc5+ 52. Kh1 Qe5 53. Qdd2 a5 54. Qee3 Qa1+ 55. Kh2 Qe5+ 56. Qf4 Qc5 57. Qdf2 e3 58. Qxf5+ Qxf5 59. Qxf5+ Kg8 60. Qe4 e2 61. Qxe2 g5 62. g4 1-0


[Site "https://www.chess.com"]

[Event "Titled Tuesday Blitz October 25 Late 2022"]
[White "Melikyan, Gnel"]
[Black "Moaataz, Ayah"]
[WhiteFideId "54109990"]
[BlackFideId "10615873"]
[WhiteElo "2138"]
[BlackElo "1993"]
[Result "1-0"]
[Round "03"]
[TimeControl "180+1"]
[Date "2022.10.26"]
[WhiteClock "0:02:28"]
[BlackClock "0:01:05"]

1. h4 d5 2. d4 h5 3. c4 c6 4. Nc3 Nf6 5. e3 e6 6. Nf3 Bd6 7. Bd2 Nbd7 8. Qc2 Qe7 9. Bd3 a6 10. a3 O-O 11. Ng5 e5 12. O-O-O dxc4 13. Bxc4 b5 14. Ba2 c5 15. Nd5 Qd8 16. Nxf6+ Nxf6 17. dxe5 Bxe5 18. f4 Bxb2+ 19. Kxb2 b4 20. Bxb4 Qb6 21. Qxc5 Qxc5 22. Bxc5 Rb8+ 23. Ka1 1-0


[Site "https://www.chess.com"]

[Event "Titled Tuesday Blitz October 25 Late 2022"]
[White "Milikow, Yoav"]
[Black "Yoo, Christopher Woojin"]
[WhiteFideId "2822237"]
[BlackFideId "30909694"]
[WhiteElo "2341"]
[BlackElo "2463"]
[Result "1/2-1/2"]
[Round "03"]
[TimeControl "180+1"]
[Date "2022.10.26"]
[WhiteClock "0:00:20"]
[BlackClock "0:00:02"]

1. d4 Nf6 2. c4 e6 3. Nc3 d5 4. cxd5 exd5 5. Bg5 Bb4 6. e3 h6 7. Bh4 g5 8. Bg3 Ne4 9. Qa4+ Nc6 10. Ne2 h5 11. f3 Nxg3 12. hxg3 Be6 13. Kf2 Qd7 14. a3 Be7 15. Nc1 h4 16. g4 Qd6 17. Rh3 f5 18. Be2 fxg4 19. fxg4 O-O+ 20. Ke1 Qd7 21. Qd1 Bd6 22. b4 Bg3+ 23. Kd2 Rf2 24. Nd3 Rxg2 25. Qf1 Rxe2+ 26. Nxe2 Bxg4 27. Rxg3 hxg3 28. Nxg3 Rf8 29. Qh1 Rf3 30. Rg1 Qe6 31. Nf1 Qf5 32. Qg2 Bh3 33. Qxg5+ Qxg5 34. Rxg5+ Kf7 35. Nh2 Rf5 36. Rg3 Bf1 37. Nf4 Bc4 38. Nf3 Ke8 39. Nh4 Rf7 40. Rg5 Ne7 41. Re5 Kd7 42. Nf3 Nc6 43. Rh5 Kd6 44. Rh6+ Kd7 45. a4 a6 46. Rxc6 bxc6 47. Ne5+ Ke8 48. Nxf7 Kxf7 49. Kc3 Bf1 50. Kd2 Kf6 51. Ke1 Bc4 52. Kd2 Bb3 53. a5 Bc4 54. Kc3 Bb5 55. Kd2 Kf5 56. Nh5 Kg6 57. Ng3 Kg5 58. Nh1 Kg4 59. Nf2+ Kg3 60. Nd1 Kf3 61. Nc3 Kg3 62. Nd1 Kf3 63. Nb2 Kg4 64. Nd1 Kf3 1/2-1/2


[Site "https://www.chess.com"]

[Event "Titled Tuesday Blitz October 25 Late 2022"]
[White "Mirzoeva, Elmira"]
[Black "Senthil Maran K"]
[WhiteFideId "4127951"]
[BlackFideId "25035681"]
[WhiteElo "2161"]
[BlackElo "2109"]
[Result "1-0"]
[Round "03"]
[TimeControl "180+1"]
[Date "2022.10.26"]
[WhiteClock "0:00:47"]
[BlackClock "0:00:02"]

1. d4 Nf6 2. c4 e6 3. Nf3 d5 4. Nc3 c6 5. cxd5 exd5 6. Bg5 Be7 7. Qc2 Nbd7 8. e3 Nh5 9. Bxe7 Qxe7 10. O-O-O O-O 11. Bd3 g6 12. h3 Ndf6 13. Kb1 Ng7 14. g4 b5 15. Ne5 Bb7 16. h4 Nd7 17. Nf3 a6 18. h5 c5 19. hxg6 fxg6 20. Nh4 cxd4 21. exd4 b4 22. Bxg6 hxg6 23. Nxg6 Qf6 24. Rh8+ Kf7 25. Nxf8 Rxf8 26. Rxf8+ Nxf8 27. Na4 Nfe6 28. Nc5 Nxc5 29. Qxc5 Qg6+ 30. Ka1 Qxg4 31. Qc7+ Kg6 32. Re1 Bc8 33. Qd6+ Be6 34. Qxb4 Qf4 35. Rg1+ Kh7 36. Qe7 Qxd4 37. a3 a5 38. Qf8 a4 39. Rh1+ Kg6 40. f4 Qc3 41. Rg1+ 1-0


[Site "https://www.chess.com"]

[Event "Titled Tuesday Blitz October 25 Late 2022"]
[White "Muhammad, Shahzeb"]
[Black "Kowalysko, Roman"]
[WhiteFideId "7804806"]
[BlackFideId "30918510"]
[WhiteElo "2395"]
[BlackElo "2109"]
[Result "1-0"]
[Round "03"]
[TimeControl "180+1"]
[Date "2022.10.26"]
[WhiteClock "0:00:12"]
[BlackClock "0:00:07"]

1. e4 c5 2. Nc3 Nc6 3. f4 g6 4. Nf3 Bg7 5. Bb5 Nd4 6. Bc4 e6 7. d3 Ne7 8. Nxd4 cxd4 9. Ne2 Nc6 10. O-O O-O 11. a3 Qc7 12. Bd2 a6 13. Qe1 b5 14. Bb3 Bb7 15. Ng3 Rac8 16. f5 Ne5 17. f6 Bh8 18. h4 Qd8 19. Bb4 d6 20. Qf2 Nc6 21. Bd2 Qc7 22. h5 Ne5 23. Qf4 Qd8 24. Ne2 Nd7 25. Nxd4 Qxf6 26. Qxf6 Bxf6 27. c3 Bg7 28. hxg6 hxg6 29. Bg5 Ne5 30. Rad1 Nc6 31. Nxe6 fxe6 32. Bxe6+ Kh7 33. Bxc8 Bxc8 34. Rxf8 Bxf8 35. Rf1 Kg7 36. Bh6+ Kxh6 37. Rxf8 Bg4 38. d4 Kg7 39. Ra8 a5 40. Ra6 Bd7 41. Rb6 Kf6 42. Rxb5 Nxd4 43. Rxa5 Nb3 44. Rd5 Ke6 45. Kf2 Bc6 46. Rg5 Bxe4 47. Ke3 Bf5 48. g4 Kf6 49. gxf5 Kxg5 50. fxg6 Kxg6 51. Kd3 Kf6 52. Kc4 Nc5 53. b4 Nb7 54. Kd5 Ke7 55. a4 Kd7 56. a5 Kc7 57. a6 Nd8 58. b5 Kb6 59. c4 Nf7 60. Ke6 Ng5+ 61. Kxd6 Ne4+ 62. Kd5 Nc5 63. a7 1-0


[Site "https://www.chess.com"]

[Event "Titled Tuesday Blitz October 25 Late 2022"]
[White "Nozdrachev, Leonid"]
[Black "Badmatsyrenov, Oleg"]
[WhiteFideId "24113433"]
[BlackFideId "24115762"]
[WhiteElo "2249"]
[BlackElo "2403"]
[Result "0-1"]
[Round "03"]
[TimeControl "180+1"]
[Date "2022.10.26"]
[WhiteClock "0:00:11"]
[BlackClock "0:00:11"]

1. e4 c5 2. Nf3 e6 3. g3 Nc6 4. Bg2 Nge7 5. O-O g6 6. d4 cxd4 7. Nxd4 a6 8. b3 Bg7 9. Bb2 O-O 10. Nxc6 dxc6 11. Bxg7 Kxg7 12. Nc3 Qxd1 13. Raxd1 e5 14. f4 Bg4 15. Bf3 Bxf3 16. Rxf3 Rad8 17. Rfd3 Rxd3 18. Rxd3 Re8 19. Rd7 b5 20. Kf2 b4 21. Na4 exf4 22. gxf4 Ng8 23. e5 g5 24. Nc5 Kg6 25. Kf3 gxf4 26. Kxf4 Ne7 27. Rd6+ Kg7 28. Nxa6 Ng6+ 29. Rxg6+ fxg6 30. Nxb4 c5 31. Nd5 c4 32. bxc4 Kf7 33. a4 Rc8 34. Nb6 Rc5 35. Ke4 Ke6 36. Kd4 Rxe5 37. c5 Rh5 38. a5 Rh4+ 39. Kc3 Rh3+ 40. Kb4 Rxh2 41. a6 Rf2 42. a7 Rf8 43. a8=Q Rxa8 44. Nxa8 h5 45. Kb5 h4 46. c6 h3 47. Nc7+ Ke5 48. Nd5 h2 49. c7 h1=Q 50. c8=Q Qxd5+ 51. Qc5 Qxc5+ 52. Kxc5 g5 53. Kb6 g4 54. c4 g3 55. c5 g2 56. c6 g1=Q+ 57. Kb7 Qb1+ 58. Kc8 Qb6 59. c7 Kd6 0-1


[Site "https://www.chess.com"]

[Event "Titled Tuesday Blitz October 25 Late 2022"]
[White "Pakleza, Zbigniew"]
[Black "Przybylski, Wojciech"]
[WhiteFideId "1119290"]
[BlackFideId "1117599"]
[WhiteElo "2411"]
[BlackElo "2221"]
[Result "1-0"]
[Round "03"]
[TimeControl "180+1"]
[Date "2022.10.26"]
[WhiteClock "0:00:03"]
[BlackClock "0:00:03"]

1. d4 Nf6 2. Nf3 e6 3. Bf4 Be7 4. e3 O-O 5. h3 b6 6. Nbd2 Bb7 7. Bd3 c5 8. c3 Nc6 9. a3 cxd4 10. cxd4 Nd5 11. Bh2 f5 12. O-O Qe8 13. Nc4 Qh5 14. Rc1 Rad8 15. Nfe5 Qxd1 16. Rfxd1 Nb8 17. Rc2 d6 18. Nf3 g5 19. Rdc1 h5 20. Nfd2 Nf6 21. a4 Nc6 22. Nxd6 Bxd6 23. Rxc6 Bxc6 24. Rxc6 Bxh2+ 25. Kxh2 Rfe8 26. Bxf5 Kf7 27. Bd3 Rc8 28. Rxc8 Rxc8 29. Nf3 g4 30. hxg4 hxg4 31. Ne5+ Ke7 32. Kg3 Rc1 33. b4 Ra1 34. Bb5 a6 35. Bxa6 Rxa4 36. Bb5 Ra2 37. Bd3 Rd2 38. Bh7 Nxh7 39. Nc4 Rd3 40. Nxb6 Rb3 41. Nc4 Rxb4 42. Ne5 Nf6 43. Nc6+ Kd6 44. Nxb4 Ne4+ 45. Kxg4 Nxf2+ 46. Kf3 Nd1 47. Nd3 Nc3 48. g4 Nd5 49. Nf4 Nc7 50. g5 Ke7 51. Ke4 Nb5 52. Ke5 Na3 53. Nxe6 Nc4+ 54. Ke4 Kxe6 55. Kf4 Nb2 56. e4 Nd3+ 57. Ke3 Nb4 58. d5+ Ke5 59. g6 Kf6 60. Kd4 Kxg6 61. Kc5 Nd3+ 62. Kd4 Nb4 63. e5 Kf5 64. e6 Kf6 65. Kc5 Nd3+ 66. Kd6 Nf4 67. e7 Kf7 68. Kd7 Nxd5 69. e8=Q+ Kg7 70. Qe6 Nf6+ 71. Ke7 Ng8+ 72. Kd6 Nf6 73. Ke5 Ng8 74. Qg4+ Kf7 75. Qh5+ Kg7 76. Qg5+ Kf7 77. Qf5+ Kg7 78. Ke6 Nh6 79. Qf6+ Kh7 80. Qg5 Ng8 81. Kf7 Nh6+ 82. Kf8 Nf5 83. Qxf5+ 1-0


[Site "https://www.chess.com"]

[Event "Titled Tuesday Blitz October 25 Late 2022"]
[White "Pap, Gyula"]
[Black "Baglan, Esat"]
[WhiteFideId "725323"]
[BlackFideId "6309216"]
[WhiteElo "2519"]
[BlackElo "2231"]
[Result "1-0"]
[Round "03"]
[TimeControl "180+1"]
[Date "2022.10.26"]
[WhiteClock "0:01:14"]
[BlackClock "0:00:48"]

1. g3 d5 2. Nf3 Nf6 3. Bg2 Nbd7 4. c4 e6 5. O-O dxc4 6. a4 a5 7. Na3 Nb6 8. Qc2 Bxa3 9. Rxa3 O-O 10. Rd1 Qd5 11. d3 cxd3 12. Raxd3 Qc4 13. Qxc4 Nxc4 14. b3 Nb6 15. Ba3 Re8 16. Ne5 Nbd5 17. e4 Nb4 18. Rd8 Kf8 19. Nc4 Ke7 20. R8d2 b6 21. g4 h6 22. h4 Nd7 23. e5 Rb8 24. Bc6 Rd8 25. f4 Ke8 26. Bxb4 axb4 27. f5 Ke7 28. Kh2 Ke8 29. f6 gxf6 30. exf6 Rb7 31. Ne5 1-0


[Site "https://www.chess.com"]